 Dungeon Crawl Stone Soup version 0.31-a0-149-g3fdcc5976a (webtiles) character file.

Game seed: 506844427268348575

577 qw the Skirmisher (level 7, -2/61 HPs)
             Began as a Minotaur Hunter on June 7, 2023.
             Slain by a gnoll
             ... wielding a +0 spear
              (4 damage)
             ... on level 4 of the Dungeon.
             The game lasted 00:01:31 (3110 turns).

qw the Skirmisher (Minotaur Hunter)                 Turns: 3110, Time: 00:01:31

Health: -2/61      AC:  4    Str: 15    XL:     7   Next: 13%
Magic:  6/6        EV: 12    Int:  6    God:
Gold:   276        SH:  0    Dex: 16    Spells: 6/6 levels left

rFire   . . .        Y - +1 shortbow
rCold   . . .        (shield currently unavailable)
rNeg    . . .        c - +0 leather armour
rPois   .            (helmet restricted)
rElec   .            (no cloak)
rCorr   .            (no gloves)
SInv    .            j - +0 pair of boots
Will    .....        (no amulet)
Stlth   +            (no ring)
HPRegen 0.30/turn    (no ring)
MPRegen 0.10/turn

%: no passive effects
@: no status effects
A: horns 2, retaliatory headbutt
a: no special abilities


You were on level 4 of the Dungeon.
You visited 1 branch of the dungeon, and saw 4 of its levels.

You collected 276 gold pieces.


Innate Abilities, Weirdness & Mutations

You have a pair of horns on your head.
You reflexively headbutt those who attack you in melee.


   Skills:
 - Level 5.0 Fighting
 + Level 8.1 Ranged Weapons
 - Level 1.4 Armour
 - Level 3.0 Dodging
 - Level 0.7 Stealth


You had 6 spell levels left.
You didn't know any spells.
Your spell library was empty.

Inventory:

Hand Weapons
 Y - a +1 shortbow (weapon)
Armour
 a - a +0 ring mail
 c - a +0 leather armour (worn)
 g - a +2 leather armour of poison resistance
 j - a +0 pair of boots (worn)
Jewellery
 h - an amulet of reflection
Potions
 b - a potion of attraction {unknown}
 d - 2 potions of lignification {unknown}
 e - 2 potions of haste
 f - a potion of cancellation {unknown}

Dungeon Overview and Level Annotations

Branches:
Dungeon (4/15)
 Temple: D:4-7

Altars:

Shops:
D:2 *


Message History

The arrow hits the orc but does no damage.
The orc is severely wounded.
The orc hits you with a +0 dagger.
The gnoll splashes around in the water.
The gnoll hits you from afar with a +0 spear.
The orc hits you with a +0 hand axe.
You shoot an arrow. The arrow hits the orc.
You kill the orc!
The orc barely misses you. The gnoll completely misses you. x2
You shoot an arrow.
The arrow hits the orc but does no damage.
The orc barely misses you.
The gnoll hits you from afar with a +0 spear.
The gnoll splashes around in the water.
You shoot an arrow. The arrow barely misses the orc.
The orc hits you with a +0 dagger.
The gnoll hits you from afar with a +0 halberd!
The gnoll barely misses you.
You shoot an arrow. The arrow barely misses the orc.
The orc hits you but does no damage. The gnoll closely misses you.
The gnoll misses you.
You shoot an arrow.
The arrow hits the orc but does no damage.
The orc barely misses you.
A ball python comes into view.
The gnoll splashes around in the water.
The gnoll hits you but does no damage.
You shoot an arrow. The arrow barely misses the orc.
The ball python hisses angrily.
The orc barely misses you. The gnoll closely misses you. x2
You shoot an arrow. The arrow closely misses the orc.
The orc barely misses you. The gnoll barely misses you.
The gnoll closely misses you.
You shoot an arrow. The arrow hits the orc.
The orc is almost dead.
The orc hits you with a +0 dagger.
The gnoll hits you from afar with a +0 spear.
The gnoll hits you but does no damage.
You shoot an arrow. The arrow hits the orc!
You kill the orc!
The gnoll hits you from afar with a +0 spear.
You die...

## #...........#
.###...........# ......
.##............# ......
.#.............###......
.#.................))..
.# #................# .
.# #.............).7..7
.####.........<.))g~~7~~
.#.###...#......@$PS~~.~
.........###.....7g~~~~~
........## ###...7 ~~~~~
........# ##.....P~.~
........# #...P~~P~.
..##....# ##.....P..
#####...## #.....# . #
##...# ##....# ##...##


You could see 2 gnolls and a ball python.

Vanquished Creatures
  Sigmund (D:3)
  A phantom (D:4)
  An iguana (D:4)
  A sleepcap (D:3)
  An orc wizard (D:4)
  Robin (D:3)
  6 adders
  9 gnolls
  3 worms
  4 dart slugs
  9 orcs
  4 bats
  10 endoplasms
  3 giant cockroaches
  12 goblins
  7 hobgoblins
  2 jackals (D:1)
  8 quokkas
  5 ball pythons
  A frilled lizard (D:1)
  7 kobolds
  10 rats
106 creatures vanquished.

Notes
Turn   | Place    | Note
-------+----------+-------------------------------------------
     0 | D:1      | qw the Minotaur Hunter began the quest for the Orb.
     0 | D:1      | Reached XP level 1. HP: 18/18 MP: 0/0
     0 | D:1      | 0 ||| qw: Version: 0.2-a-117-gc6b5c8b
     0 | D:1      | 0 ||| qw: Game counter: 2693
     0 | D:1      | 0 ||| qw: Always use a shield: true
     0 | D:1      | 0 ||| qw: God list: Okawaru
     0 | D:1      | 0 ||| qw: Allow faded altars: false
     0 | D:1      | 0 ||| qw: Do Orc after D:15 true
     0 | D:1      | 0 ||| qw: Do second Lair branch before Depths: true
     0 | D:1      | 0 ||| qw: Lair rune preference: random
     0 | D:1      | 0 ||| qw: Plans: Normal
     0 | D:1      | 0 ||| PLANNING D:1-11
    47 | D:1      | Reached XP level 2. HP: 17/25 MP: 1/1
   221 | D:1      | Reached skill level 5 in Ranged Weapons
   353 | D:1      | Reached skill level 3 in Fighting
   558 | D:1      | Found a faded altar of an unknown god.
   577 | D:1      | 577 ||| UPGRADING to +0 pair of boots.
   623 | D:1      | Reached XP level 3. HP: 31/31 MP: 2/2
   721 | D:1      | 721 ||| READING scroll labelled CEIQUM YFOASIK.
   722 | D:1      | 722 ||| READING scroll labelled VECASTROAWK.
   725 | D:1      | 725 ||| READING scroll labelled UWIWKE NUJUA.
   826 | D:1      | 826 ||| READING scroll labelled SYTUNG XANE.
   827 | D:1      | 827 ||| DROPPING scroll of butterflies.
  1415 | D:2      | Found Qesogi Lyas's Assorted Antiques.
  1426 | D:2      | 1426 ||| SHOPLISTING glowing ring mail (175 gold, have
                  | 150).
  1533 | D:2      | 1533 ||| READING scroll labelled FUNEGOZ ACARIBLU.
  1534 | D:2      | 1534 ||| READING scroll labelled EGEUPUI JUUXT.
  1535 | D:2      | 1535 ||| READING scroll labelled QANENA UTWYUCE.
  1536 | D:2      | 1536 ||| READING scroll labelled AKHAKE MID KEOTOBB.
  1537 | D:2      | 1537 ||| DRINKING 2 silvery potions.
  1538 | D:2      | 1538 ||| DRINKING 3 purple potions.
  1539 | D:2      | 1539 ||| DROPPING 2 potions of invisibility.
  1574 | D:3      | Reached skill level 6 in Ranged Weapons
  1574 | D:3      | Reached XP level 4. HP: 38/38 MP: 3/3
  1588 | D:3      | Reached skill level 1 in Armour
  1660 | D:3      | Noticed Sigmund
  1670 | D:3      | Killed Sigmund
  1671 | D:3      | Reached skill level 7 in Ranged Weapons
  1671 | D:3      | Reached XP level 5. HP: 42/46 MP: 4/4
  1671 | D:3      | Reached XP level 6. HP: 47/52 MP: 5/5
  1698 | D:3      | Noticed Robin
  1725 | D:3      | HP: 13/52 [Robin/+0 spear (4)]
  1727 | D:3      | Killed Robin
  2275 | D:3      | 2275 ||| READING scroll labelled JAZ NENUOR.
  2276 | D:3      | 2276 ||| DRINKING 2 fuming black potions.
  2277 | D:3      | 2277 ||| DROPPING potion of enlightenment.
  2372 | D:4      | Reached skill level 8 in Ranged Weapons
  2826 | D:4      | Reached skill level 3 in Dodging
  2855 | D:4      | Reached XP level 7. HP: 57/60 MP: 6/6
  2918 | D:4      | 2918 ||| FLEEEEING.
  3104 | D:4      | HP: 9/61 [gnoll/+0 halberd (8)]
  3109 | D:4      | HP: 6/61 [orc/+0 dagger (4)]
  3109 | D:4      | HP: 1/61 [gnoll/+0 spear (5)]
  3110 | D:4      | Slain by a gnoll

Levels and vault maps discovered:
D:1:      minmay_arrival_three_doors, layout_loops_cross,
          shapermc_ecumenical_altar_gd
D:2:      layout_basic, serial_shops, shop
D:3:      layout_loops_cross, uniq_sigmund, uniq_robin
D:4:      layout_layer_cave, serial_bayou, serial_bayou_pond_a,
          serial_bayou_lake_a, serial_bayou_pond_b, serial_bayou_pond_d,
          minmay_crystal_room, minivault_24, minmay_distorted

Skill      XL: |  1  2  3  4  5  6  7 |
---------------+----------------------+-----
Ranged Weapons | 5 6 7 8 |  8.1
Fighting       | 3 4 5 |  5.0
Armour         | 1 |  1.4
Dodging        | 3 |  3.0
Stealth        | |  0.7

Action                     |  1- 3 |  4- 6 |  7- 9 || total
---------------------------+-------+-------+-------++-------
   Fire: Shortbow          |   155 |   168 |    43 ||   366
    Use: Scroll            |     8 |     1 |       ||     9
         Potion            |     2 |     1 |       ||     3
 Armour: Leather armour    |    24 |    11 |     5 ||    40
  Dodge: Dodged            |    49 |    39 |    29 ||   117

Table legend:
 A = Non-vault XP
 B = Vault XP
 C = Vault XP percentage of total XP
 D = Non-vault monster count
 E = Vault monster count
 F = Vault count percentage of total count
                 A         B        C        D         E       F
            +---------+---------+-------+---------+---------+-------
      Total |     458 |     370 |  44.7 |      95 |      11 |  10.4
            +---------+---------+-------+---------+---------+-------
        D:1 |      44 |       0 |   0.0 |      26 |       0 |   0.0
        D:2 |      48 |       0 |   0.0 |      21 |       0 |   0.0
        D:3 |     159 |     250 |  61.1 |      21 |       8 |  27.6
        D:4 |     207 |     120 |  36.7 |      27 |       3 |  10.0
            +---------+---------+-------+---------+---------+-------
